 Dungeon Crawl Stone Soup version 0.30.1-4-g462c640d31 (webtiles) character file.

Game seed: 1234837818363850772

40 Almogavar the Gusty (level 3, 0/31 HPs)
             Began as a Gnoll Wanderer on Sept 9, 2023.
             Slain by a goblin
             ... wielding a +0 club
              (3 damage)
             ... on level 2 of the Dungeon.
             The game lasted 00:05:39 (1186 turns).

Almogavar the Gusty (Gnoll Wanderer)                Turns: 1186, Time: 00:05:39

Health: 0/31       AC:  5    Str: 10    XL:     3   Next: 50%
Magic:  0/7        EV: 11    Int: 11    God:
Gold:   43         SH:  0    Dex: 20    Spells: 6/7 levels left

rFire   + . .        a - +1 short sword
rCold   + . .        (no shield)
rNeg    . . .        c - +0 leather armour
rPois   .            (no helmet)
rElec   .            g - scarf {rC+ rF+}
rCorr   .            (no gloves)
SInv    .            f - +1 pair of boots
Will    .....        (no amulet)
Stlth   ++           l - +6 ring of dexterity
HPRegen 0.25/turn    (no ring)
MPRegen 0.10/turn

%: no passive effects
@: mighty
A: fangs 1, strong nose, distributed training
a: no special abilities


You were on level 2 of the Dungeon.
You visited 1 branch of the dungeon, and saw 2 of its levels.

You collected 43 gold pieces.

Inventory:

Hand Weapons
 a - a +1 short sword (weapon)
Missiles
 m - 2 poisoned darts
Armour
 c - a +0 leather armour (worn)
 f - a +1 pair of boots (worn)
 g - a scarf of resistance (worn)
 k - a +0 ring mail
Jewellery
 l - a +6 ring of dexterity (left hand)
Scrolls
 b - 2 scrolls of teleportation
 d - a scroll of identify {unknown}
 h - a scroll of immolation {unknown}
 j - a scroll of noise {unknown}
 n - a scroll of fear {unknown}
Potions
 e - a potion of might
 i - 2 potions of curing {unknown}


   Skills:
 + Level 4.5 Fighting
 + Level 4.5 Short Blades
 + Level 0.9 Long Blades
 + Level 0.9 Axes
 + Level 0.9 Maces & Flails
 + Level 0.9 Polearms
 + Level 0.9 Staves
 + Level 0.9 Ranged Weapons
 + Level 0.9 Throwing
 + Level 0.9 Armour
 + Level 0.9 Dodging
 + Level 2.4 Stealth
 + Level 0.9 Shields
 + Level 0.9 Unarmed Combat
 + Level 2.8 Spellcasting
 + Level 0.6 Conjurations
 + Level 0.6 Hexes
 + Level 0.6 Summonings
 + Level 0.6 Necromancy
 + Level 0.6 Translocations
 + Level 0.6 Transmutations
 + Level 0.6 Fire Magic
 + Level 0.6 Ice Magic
 + Level 7.1 Air Magic
 + Level 0.6 Earth Magic
 + Level 0.6 Poison Magic
 + Level 1.0 Invocations
 + Level 0.9 Evocations


You had 6 spell levels left.
You knew the following spells:

 Your Spells              Type           Power      Damage    Failure   Level
a - Shock                 Conj/Air       40%        1d5       8%          1

Your spell library contained the following spells:

 Spells                   Type           Power      Damage    Failure   Level
 Cigotuvi's Dreadful Rot  Necr/Pois/Air  14%        N/A       17%         2
 Freeze                   Ice            12%        1d3       28%         1
 Mephitic Cloud           Conj/Pois/Air  7%         N/A       34%         3
 Frozen Ramparts          Ice            6%         1d1       63%         3
 Hailstorm                Conj/Ice       3%         3d3       63%         3


Dungeon Overview and Level Annotations

Branches:
Dungeon (2/15)

Altars:

Annotations:
D:2 Ijyb


Innate Abilities, Weirdness & Mutations

You have very sharp teeth.
Your uncanny sense of smell can sniff out nearby items.
Your experience applies equally to all skills.


Message History

a +0 dagger; a goblin corpse You barely miss Ijyb.
Ijyb is moderately wounded.
Ijyb hits you but does no damage.
You hit Ijyb but do no damage.
Ijyb is moderately wounded.
You hit Ijyb but do no damage.
Ijyb is moderately wounded.
Ijyb hits you with a +0 dagger.
You are too injured to fight recklessly!
You are too injured to fight recklessly!
You closely miss Ijyb. Your bite misses Ijyb.
Ijyb is moderately wounded.
The goblin hits you but does no damage. Ijyb hits you but does no damage.
You hit Ijyb but do no damage.
Ijyb is moderately wounded.
The goblin hits you but does no damage. Ijyb hits you with a +0 dagger.
You closely miss Ijyb.
Ijyb is moderately wounded.
The goblin closely misses you. Ijyb hits you with a +0 dagger.
Aiming: Shock (safe; 8% risk of failure)
Press: ? - help, Q - select action, (/) - cycle Shift-Dir - straight line, f/p - Ijyb
Aim: Ijyb, wielding a +0 dagger, wearing a +0 chain mail and carrying a wand of iceblast (6) (moderately wounded, 68% to hit)
The zap misses Ijyb.
The goblin hits you with a +0 club.
* * * LOW HITPOINT WARNING * * *
Ijyb hits you with a +0 dagger.
* * * LOW HITPOINT WARNING * * *
It was a potion of might.
You feel very mighty all of a sudden. The goblin hits you with a +0 club.
* * * LOW HITPOINT WARNING * * *
Ijyb hits you but does no damage.
Okay, then.
You puncture Ijyb!
Ijyb is severely wounded.
You hit Ijyb but do no damage.
Ijyb is severely wounded.
The goblin hits you with a +0 club.
You die...

....g.......#.#..##..##...#
.....g......#.#..##..##...#
.8.8g8......#..)...##.....#
#..)...#.#....##.....#
##.....#....##..#....#
#...).###..##......##
#.....†............#
#.....g.##.##.....##
#.....g@##.##..####
#.........#....#
#.......##.#...#
#.......##.....#
#..............#
####..#..#....##
#...##...### #...##...#
#..#.....#


You could see Ijyb and a goblin.

Vanquished Creatures
  An adder (D:1)
  A worm (D:2)
  5 endoplasms (D:1)
  A giant cockroach (D:2)
  5 goblins (D:2)
  5 hobgoblins
  A quokka (D:1)
  2 ball pythons (D:2)
  2 kobolds
  2 rats
25 creatures vanquished.

Notes
Turn   | Place    | Note
-------+----------+-------------------------------------------
     0 | D:1      | Almogavar the Gnoll Wanderer began the quest for the Orb.
     0 | D:1      | Almogavar set off with the following items: a +1 short
                  | sword, a scroll of teleportation, a +0 leather armour; and
                  | the following spell memorised: Shock; and the following
                  | spells available to memorise: Cigotuvi's Dreadful Rot,
                  | Mephitic Cloud.
     0 | D:1      | Reached XP level 1. HP: 20/20 MP: 4/4
   123 | D:1      | Reached XP level 2. HP: 20/26 MP: 0/5
   819 | D:1      | Reached XP level 3. HP: 17/31 MP: 0/7
  1019 | D:2      | Reached skill level 1 in Invocations
  1159 | D:2      | Noticed Ijyb
  1186 | D:2      | Slain by a goblin

Illustrated notes

Levels and vault maps discovered:
D:1:      elethiomel_arrival_maze, layout_basic
D:2:      kennysheep_the_goblin_king, layout_basic, hangedman_decor_growths,
          amcnicky_mini_pool_small, chequers_serial_rivers_micro_b,
          minmay_misc_feat_tower

Skill      XL: |  1  2  3 |
---------------+----------+-----
Invocations    | 1 |  1.0
Fighting       | |  4.5
Short Blades   | |  4.5
Long Blades    | |  0.9
Axes           | |  0.9
Maces & Flails | |  0.9
Polearms       | |  0.9
Staves         | |  0.9
Ranged Weapons | |  0.9
Throwing       | |  0.9
Armour         | |  0.9
Dodging        | |  0.9
Stealth        | |  2.4
Shields        | |  0.9
Unarmed Combat | |  0.9
Spellcasting   | |  2.8
Conjurations   | |  0.6
Hexes          | |  0.6
Summonings     | |  0.6
Necromancy     | |  0.6
Translocations | |  0.6
Transmutations | |  0.6
Fire Magic     | |  0.6
Ice Magic      | |  0.6
Air Magic      | |  7.1
Earth Magic    | |  0.6
Poison Magic   | |  0.6
Evocations     | |  0.9

Action                     || total
---------------------------++-------
  Melee: Short sword       ||    20
   Cast: Shock             ||    53
    Use: Scroll            ||     1
         Potion            ||     1
 Armour: Leather armour    ||    14
  Dodge: Dodged            ||     9
